 Dungeon Crawl Stone Soup version 0.18-a0-1666-g3ea6f2b (webtiles) character file.

1790042 ShittyPlayer the Sniper (level 25, 219/219 HPs)
             Began as a Demonspawn Wanderer on Mar 30, 2016.
             Was the Champion of Okawaru.
             Escaped with the Orb
             ... and 3 runes on Mar 31, 2016!
             The game lasted 03:45:34 (59073 turns).

ShittyPlayer the Sniper (Demonspawn Wanderer)      Turns: 59073, Time: 03:45:35

Health: 219/219    AC: 58    Str: 28    XL:     25   Next: 84%
Magic:  28/28      EV: 13    Int: 19    God:    Okawaru [******]
Gold:   4755       SH:  0    Dex: 13    Spells: 0 memorised, 27 levels left

rFire  + . .     SeeInvis +     T - +9 triple crossbow of Flawed Execution {flame, Int+4 SInv}
rCold  . . .     Gourm    .     y - +9 crystal plate armour
rNeg   + . .     Faith    +     (shield currently unavailable)
rPois  .         Spirit   +     (helmet unavailable)
rElec  +         Dismiss  .     Y - +2 cloak
rCorr  .         Reflect  .     X - +3 pair of gauntlets of War {Slay+5}
SustAt .         Harm     .     S - +2 pair of boots {run}
MR     +....                    p - amulet of faith
Stlth  ..........               u - ring of protection from fire
                                Z - ring of Baraqene {*Contam rElec EV+5 Str+3 Dex+2}

@: quick, somewhat resistant to hostile enchantments, extremely unstealthy
A: horns 3, iridescent scales 3, demonic guardian 3, mutation resistance 1,
negative energy resistance 1, 50% torment resistance, magic shield, magic
regeneration, magic link
a: Heroism, Finesse, Renounce Religion
0: Orb of Zot
}: 3/15 runes: decaying, serpentine, silver


You escaped.
You worshipped Okawaru.
Okawaru was exalted by your worship.
You were not hungry.

You visited 8 branches of the dungeon, and saw 48 of its levels.
You visited the Abyss 2 times.
You also visited: Ossuary and Volcano.

You collected 7518 gold pieces.
You spent 2763 gold pieces at shops.

Inventory:

Hand Weapons
 T - the +9 triple crossbow of Flawed Execution (weapon) {flame, Int+4 SInv}
   (Okawaru gifted it to you on level 5 of the Vaults)

   It causes projectiles fired from it to burn those they strike, causing extra
   injury to most foes and up to half again as much damage against particularly
   susceptible opponents.
   It affects your intelligence (+4).
   It lets you see invisible.
 V - the +6 arbalest "Damnation" {damnation, rF++ rC- MR+}
   (You bought it in a shop on level 2 of the Orcish Mines)

   It greatly protects you from fire.
   It makes you vulnerable to cold.
   It affects your resistance to hostile enchantments.
Missiles
 f - 60 steel bolts
 j - 91 bolts of penetration
 s - 728 bolts (quivered)
 P - 35 silver bolts
Armour
 y - a +9 crystal plate armour (worn)
 S - a +2 pair of boots of running (worn)
 X - the +3 pair of gauntlets of War (worn) {Slay+5}
   (You bought it in a shop on level 3 of the Vaults)

   It affects your accuracy and damage with ranged weapons and melee attacks
   (+5).
 Y - a +2 cloak (worn)
Rods
 i - a +4 rod of clouds (11/11)
   (You took it off a centaur warrior on level 4 of the Vaults)
Jewellery
 p - an amulet of faith (around neck)
 r - an uncursed ring of poison resistance
 u - a ring of protection from fire (right hand)
 B - the amulet of Duhoofromol {Gourm rElec Int+5}
   (You took it off an ogre mage on level 5 of the Vaults)

   [amulet of the gourmand]

   It allows you to eat raw meat even when not hungry.
   It affects your intelligence (+5).
   It insulates you from electricity.
 N - an uncursed ring of ice
 Z - the ring of Baraqene (left hand) {*Contam rElec EV+5 Str+3 Dex+2}
   (You found it on level 3 of the Depths)

   [ring of evasion]

   It affects your evasion (+5).
   It affects your strength (+3).
   It affects your dexterity (+2).
   It insulates you from electricity.
   It causes magical contamination when unequipped.
Wands
 a - a wand of digging (10/24)
 v - a wand of teleportation (4/9)
 G - a wand of heal wounds (6/9)
 I - a wand of teleportation (6/9)
 J - a wand of teleportation (3/9)
Scrolls
 b - 3 scrolls of brand weapon
 c - 19 scrolls of teleportation
 e - 17 scrolls of remove curse
 g - 2 scrolls of enchant weapon
 h - 24 scrolls of identify
 t - a scroll of silence
 z - 2 scrolls of summoning
 F - 8 scrolls of recharging
 K - 2 scrolls of blinking
 M - 3 scrolls of magic mapping
 Q - 8 scrolls of fog
Potions
 k - 5 potions of magic
 l - 12 potions of flight
 m - 7 potions of haste
 o - 4 potions of might
 q - a potion of resistance
 A - 3 potions of heal wounds
 D - 5 potions of agility
 O - 3 potions of cure mutation
 U - 9 potions of curing
 W - 2 potions of brilliance
Books
 C - a book of Cantrips

   Spells                             Type                      Level
   a - Corona                         Hexes                        1
   b - Animate Skeleton               Necromancy                   1
   c - Summon Small Mammal            Summoning                    1
   d - Apportation                    Translocation                1
Miscellaneous
 H - 5 phantom mirrors
Comestibles
 d - 8 bread rations
 n - 37 fruits
 w - 4 royal jellies
 x - 11 beef jerkies
 L - 8 slices of pizza
 R - 8 meat rations


   Skills:
 + Level 22.8 Fighting
   Level 2.0(2.1) Axes
   Level 1.0(1.8) Maces & Flails
   Level 1.0(1.1) Staves
 - Level 26.0 Crossbows
 - Level 1.0 Throwing
 + Level 22.3 Armour
 - Level 1.7 Dodging
 - Level 1.0 Stealth
   Level 1.0 Shields
 - Level 1.5 Spellcasting
 - Level 7.0 Invocations


You had 27 spell levels left.
You didn't know any spells.

Dungeon Overview and Level Annotations

Branches:
Dungeon (15/15)            Temple (0/1) D:7            Lair (8/8) D:8
  Swamp (4/4) Lair:5        Snake (4/4) Lair:3        Slime (0/6) Lair:7
    Orc (2/2) D:9             Elf (0/3) Orc:2        Vaults (5/5) D:13
  Crypt (0/3) Vaults:2     Depths (5/5) D:15            Zot (5/5) Depths:5

Altars:
Cheibriados
Dithmenos
Kikubaaqudgha
Nemelex Xobeh
Okawaru
Qazlal
Ru
Trog
Vehumet
Xom
Yredelemnul
The Shining One
Beogh

Shops:
D:4 :   D:8 [   D:9 *   D:12 [   Orc:2 [*(}   Vaults:1 }[}!(   Vaults:3 [
Vaults:4 *   Vaults:5 *   Depths:1 =   Depths:2 [

Portals:
Hell: Depths:1 Depths:2 Depths:3 Depths:4 Depths:5
Abyss: Depths:3 Depths:4 Depths:5
Pandemonium: Depths:3
Ziggurat: Depths:4
Trove: Depths:4 (give +3 storm dragon armour)

Annotations:
Depths:4 exclusions: downstairs and 4 more exclusions


Innate Abilities, Weirdness & Mutations

You have a pair of large horns on your head.
You are completely covered in iridescent scales (AC +8).
A powerful demonic guardian rushes to your aid.
You resist negative energy.
You are somewhat able to resist unholy torments (1 in 2 success).
When hurt, damage is shared between your health and your magic reserves.
You regenerate magic rapidly.
When low on magic, you restore magic in place of health.
You are somewhat resistant to further mutation.


Message History

Aim: a red devil, wielding a trident (severely wounded)
You shoot a bolt.
The bolt hits the red devil but does no damage.
The red devil is severely wounded.
Firing (i - inventory. (,) - cycle):
s - 729 bolts (quivered)
Press: ? - help, Shift-Dir - straight line, f/p - red devil
Aim: a red devil, wielding a trident (severely wounded)
You shoot a bolt. The bolt hits the red devil!!!
You kill the red devil!
Okawaru accepts your kill.
No target in view!
No target in view!
(D) Dungeon (T) Temple (L) Lair (S) Swamp (P) Snake Pit (M) Slime Pits (O) Orcish Mines (E) Elven Halls (V) Vaults (C) Crypt (U) Depths (H) Hell (Z) Zot
Where to? (Enter - D:1 @ (x,y), ? - help)
There is an open door here.
There is a staircase leading out of the dungeon here.
You have escaped!

######)####.......#†...##
#.......#......####..###
##(........##.#..###..#
##.......##........#..#
##.......##.#.........#
.#..(.......#.++++++..#
.#.(......###.+....+.##
..............+....+.#
#........##...+.@..+.#
#...###.#.....'....+.#
##..###.#####.++'+++.#
#..##...............#
#..##.........##....#
###.##.........####.##
.....#.........# #.#
.....##.######## #.#
......#.# ##.#


There were no monsters in sight!

Vanquished Creatures
  5 orbs of fire
  4 ancient liches (Zot:5)
  6 Killer Klowns (Zot:5)
  8 golden dragons
  A Tzitzimitl (Depths:1)
  4 electric golems
  7 tentacled monstrosities
  3 quicksilver dragons
  6 titans (Vaults:5)
  25 Orb Guardians
  3 liches
  An Executioner (Abyss:2)
  2 sphinxes
  A thorn hunter (Swamp:4)
  3 death cobs
  7 storm dragons
  A draconian monk (Depths:5)
  4 shadow dragons
  10 fire giants
  10 tengu reavers
  7 greater nagas
  Maud (Orc:1)
  The ghost of ololoev the Impaler, a journeyman CeSk of Fedhas (Depths:1)
  A balrug (Depths:3)
  The ghost of Chiseanne the Warrior, a journeyman DsWn of Gozag (Swamp:4)
  A deep elf sorcerer (Vaults:1)
  2 draconian zealots
  21 vault wardens
  4 iron dragons
  A juggernaut zombie (Depths:4)
  6 frost giants
  A draconian annihilator (Zot:4)
  3 deep elf elementalists
  14 ironheart preservers
  2 war gargoyles
  32 stone giants
  28 very ugly things
  3 spriggan defenders
  The ghost of casual the Nimble, a journeyman DsTm of Cheibriados (D:15)
  3 salamander stormcallers
  Nessos (Orc:2)
  A draconian caller (Zot:5)
  3 red draconians
  4 green draconians
  3 black draconians
  A deep elf demonologist (Vaults:5)
  3 vampire knights
  2 purple draconians (Zot:5)
  6 spark wasps
  2 deep elf annihilators
  3 white draconians
  Azrael (Orc:2)
  9 yellow draconians
  3 mottled draconians
  2 crystal guardians (Vaults:4)
  A deep elf death mage (Depths:2)
  18 fire dragons
  A blizzard demon (D:15)
  15 ettins
  Josephine (Lair:8)
  15 slime creatures
  9 entropy weavers
  28 vault guards
  3 deep elf high priests
  13 yaktaur captains
  3 rakshasas
  4 great orbs of eyes
  Fannar (Orc:1)
  17 naga warriors
  4 hydras
  13 ice dragons
  2 catoblepae (Depths:4)
  Erica (Lair:2)
  16 ogre magi
  4 spriggan air magi
  14 anacondas
  8 centaur warriors
  An alligator (Swamp:2)
  A death knight (Vaults:2)
  A dancing weapon (D:13)
  7 death yaks
  8 deep troll earth magi
  An orc high priest (Orc:2)
  2 thrashing horrors (Abyss:2)
  8 deep troll shamans
  5 tengu warriors
  3 spriggan berserkers
  11 shock serpents
  Nergalle (D:11)
  23 naga sharpshooters
  7 spriggans
  10 deep elf knights
  A fire crab (shapeshifter) (Vaults:4)
  8 salamander mystics
  A sun demon (Zot:1)
  3 fire crabs (Vaults:2)
  A titan skeleton (Abyss:2)
  A hell knight (Depths:2)
  A skeletal warrior (D:13)
  A shadow wraith (Vaults:3)
  35 deep trolls
  5 iron trolls
  A spark wasp zombie (Depths:4)
  A storm dragon skeleton (Depths:4)
  2 flayed ghosts
  5 giant orange brains
  2 unseen horrors
  A torturous demonspawn (Depths:3)
  6 deep elf archers
  15 ironbrand convokers
  4 lindwurms (Snake:4)
  7 naga ritualists
  4 phantasmal warriors
  7 harpies
  A swamp dragon (shapeshifter) (Depths:2)
  5 necromancers
  4 hill giants
  3 shambling mangroves
  11 orc knights
  3 wolf spiders
  3 griffons
  2 wizards (Depths:3)
  2 cyclopes (shapeshifter)
  5 cyclopes
  13 mana vipers
  3 hornets
  49 ugly things
  10 deep elf magi
  A salamander (shapeshifter) (Depths:1)
  5 orc sorcerers (Orc:2)
  2 hornets (shapeshifter)
  12 salamanders
  7 moths of wrath
  3 elephants (Lair:8)
  11 guardian serpents
  Maurice (D:11)
  2 orange demons
  20 naga magi
  A molten gargoyle (Volcano)
  16 vault sentinels
  2 rust devils (Depths:3)
  A smoke demon (Depths:3)
  42 black mambas
  5 spectral swamp worms (Depths:3)
  3 large abominations
  2 centaur skeletons
  A water nymph (shapeshifter) (Depths:3)
  23 spiny frogs
  2 gargoyles
  8 komodo dragons
  58 yaktaurs
  5 rime drakes (Lair:8)
  An efreet (D:15)
  An ice devil (Depths:5)
  7 freezing wraiths
  An ancient zyme (Abyss:2)
  3 red devils
  5 tengu conjurers
  2 polar bears
  A shadow dragon simulacrum (Vaults:3)
  A jumping spider (shapeshifter) (Depths:3)
  22 two-headed ogres
  A raiju (Abyss:2)
  A raiju (shapeshifter) (Vaults:5)
  2 bog bodies (Swamp:1)
  9 blink frogs
  3 boulder beetles
  17 redbacks
  2 shadows
  6 water elementals
  10 starcursed masses (Abyss:2)
  3 air elementals (Depths:3)
  5 tarantellas
  39 yaks
  2 ynoxinuls (Abyss:2)
  A golden eye (shapeshifter) (Vaults:4)
  A neqoxec (Depths:3)
  A steam dragon (Lair:8)
  2 fire bats (Abyss:2)
  4 basilisks
  A fire bat (shapeshifter) (Vaults:2)
  9 wyverns
  A giant leech zombie (Swamp:4)
  2 hungry ghosts
  Grum (D:11)
  7 wraiths
  6 fire elementals
  A human simulacrum (Vaults:2)
  18 vampire mosquitoes
  4 swamp worm simulacra (Swamp:4)
  7 wargs
  14 hippogriffs
  An elf skeleton (Depths:4)
  39 nagas
  2 mottled dragons (Vaults:1)
  10 swamp worms
  A chaos spawn (Zot:5)
  A naga (shapeshifter) (Depths:3)
  2 hell hounds (Orc:2)
  21 water moccasins
  14 hydra simulacra (Swamp:4)
  12 porcupines
  An ice beast (shapeshifter) (Depths:2)
  2 black bears
  6 ice beasts
  13 wasps
  4 swamp drakes
  34 orc warriors
  2 phantoms
  4 sky beasts
  A necrophage (D:8)
  15 wolves
  74 ogres
  10 boggarts
  16 crocodiles
  An orc skeleton (Vaults:1)
  10 centaurs
  A big kobold (shapeshifter) (Depths:1)
  A komodo dragon zombie (Swamp:4)
  6 big kobolds
  14 giant frogs
  4 wyvern skeletons
  7 earth elementals (Depths:4)
  A small abomination (Abyss:2)
  A water moccasin zombie (Swamp:4)
  3 scorpions
  7 killer bees
  An orc simulacrum (Vaults:1)
  A killer bee (shapeshifter) (Depths:3)
  4 electric eels
  3 wights (D:12)
  A howler monkey (D:13)
  9 crimson imps
  2 quasits
  3 centaur zombies
  7 jellies
  2 iron imps
  21 orc priests
  3 giant frog skeletons
  4 hounds
  An iguana (shapeshifter) (Depths:2)
  16 iguanas
  32 orc wizards
  10 worker ants
  18 hell rats
  A crocodile zombie (Swamp:4)
  24 sheep
  4 big kobold zombies (Ossuary)
  A hound zombie (D:7)
  A mummy (Ossuary)
  2 hound skeletons
  A howler monkey skeleton (D:6)
  19 adders
  81 river rats
  A swamp drake zombie (Swamp:4)
  5 shadow imps
  3 white imps (Depths:3)
  2 ufetubi (Abyss:2)
  4 oozes
  4 swamp drake simulacra (Swamp:4)
  An adder skeleton (D:7)
  2 dart slugs
  4 giant geckos
  91 orcs
  5 spectral bats (Ossuary)
  9 bats
  7 giant cockroaches
  8 gnoll zombies (Ossuary)
  4 goblins
  7 hobgoblins
  11 jackals
  35 kobolds
  3 quokkas
  3 ball pythons
  A bat simulacrum (Ossuary)
  A giant gecko zombie (D:5)
  3 giant newts
  3 goblin simulacra (Ossuary)
  6 goblin zombies (Ossuary)
  5 hobgoblin zombies (Ossuary)
  A jackal skeleton (D:6)
  A jackal zombie (D:7)
  3 kobold simulacra (Ossuary)
  4 kobold zombies (Ossuary)
  5 orc zombies
  A quokka skeleton (D:8)
  19 rats
  5 rat simulacra (Ossuary)
  2 spectral goblins (Ossuary)
  2 spectral kobolds (Ossuary)
  2 spectral rats (Ossuary)
  A fungus (D:8)
2138 creatures vanquished.

Vanquished Creatures (collateral kills)
  Rupert (D:14)
  A tentacled monstrosity (Vaults:5)
  4 tengu reavers (Vaults:5)
  A tentacled starspawn (Abyss:2)
  Gastronok (Lair:2)
  2 greater nagas (Snake:4)
  2 fire giants
  A vault warden (Vaults:5)
  An orc warlord (Orc:2)
  3 frost giants (Vaults:5)
  Louise (Snake:4)
  Aizul (Snake:2)
  6 very ugly things
  2 salamander stormcallers
  3 stone giants
  A green draconian (Zot:4)
  A deep elf demonologist (Vaults:1)
  A yellow draconian (Zot:5)
  A vault guard (Vaults:5)
  Erolcha (D:8)
  A fire dragon (Lair:8)
  An entropy weaver (Depths:2)
  A great orb of eyes (Depths:2)
  2 yaktaur captains (Vaults:5)
  4 naga warriors (Snake:4)
  4 hydras
  2 catoblepae
  2 anacondas (Snake:4)
  A dancing weapon (D:13)
  2 ogre magi
  12 death yaks
  2 deep troll earth magi (Depths:5)
  A spriggan berserker (Depths:2)
  An alligator (shapeshifter) (Vaults:5)
  4 naga sharpshooters
  A salamander mystic (Snake:4)
  5 deep trolls
  4 skeletal warriors (D:13)
  An iron troll (Depths:1)
  A giant orange brain (Depths:2)
  A deep elf archer (Vaults:2)
  The ghost of Ijustatesigmund the Slicer, a novice KoAs of Cheibriados (D:7)
  A lindwurm (Volcano)
  3 naga ritualists
  An ironbrand convoker (Vaults:4)
  10 ugly things
  3 mana vipers
  A salamander (Snake:2)
  A wolf spider (Vaults:4)
  2 hornets (Lair:8)
  A cyclops (Vaults:2)
  A griffon (Lair:5)
  A torpor snail (Lair:2)
  A guardian serpent (Snake:2)
  A molten gargoyle (Volcano)
  2 elephants (Lair:8)
  A rust devil (Lair:8)
  A gargoyle (Volcano)
  3 naga magi
  7 black mambas
  3 spiny frogs
  4 komodo dragons
  2 rime drakes (Lair:8)
  A kobold demonologist (D:14)
  A queen bee (shapeshifter) (Depths:1)
  A hellwing (Lair:8)
  2 trolls
  A raiju (Snake:4)
  2 two-headed ogres
  13 blink frogs
  2 spriggans
  5 starcursed masses (Abyss:2)
  32 yaks
  2 wyverns
  2 basilisks (Lair:1)
  A hungry ghost (D:7)
  2 fire elementals (Orc:2)
  A hippogriff (D:8)
  A vampire mosquito (D:13)
  2 mottled dragons (Lair:8)
  10 nagas
  A water moccasin (Lair:8)
  4 orc warriors
  2 ice beasts
  4 wasps
  3 ogres
  A centaur (D:11)
  A crocodile (Lair:8)
  Blork the orc (D:5)
  3 giant frogs (D:7)
  A scorpion (D:10)
  2 crimson imps
  A giant frog zombie (D:7)
  A hound (D:4)
  2 jellies (Lair:7)
  11 orc wizards
  4 orc priests
  An iron imp (D:6)
  A giant frog skeleton (D:10)
  3 iguanas
  3 hell rats (Lair:3)
  3 worker ants
  A killer bee zombie (D:9)
  3 sheep (Lair:8)
  2 adders (Lair:8)
  8 river rats
  An adder zombie (D:5)
  A giant gecko (D:6)
  5 orcs
  2 kobolds
  A fungus (Lair:5)
  2 plants (Lair:8)
299 creatures vanquished.

Vanquished Creatures (others)
  An ancient lich (Vaults:5)
  An azure jelly (Swamp:4)
  A stone giant (Depths:4)
  An ettin (Vaults:5)
  A shadow wraith (Vaults:4)
  A salamander (Vaults:3)
  A troll (Orc:2)
  A fire elemental (Orc:2)
  A swamp worm (Swamp:4)
  An ogre (Vaults:5)
  An orc wizard (Orc:2)
  2 river rats
  An orc (Orc:2)
  A bush (D:7)
  3 fire vortices
  41 fungi
  A lurking horror (Abyss:2)
  29 plants
  3 starspawn tentacles (Abyss:2)
  36 starspawn tentacle segments (Abyss:2)
128 creatures vanquished.

Grand Total: 2565 creatures vanquished

Notes
Turn   | Place    | Note
--------------------------------------------------------------
     0 | D:1      | ShittyPlayer the Demonspawn Wanderer began the quest for the Orb.
     0 | D:1      | ShittyPlayer set off with: a +2 mace, a +0 ring mail, a scroll of teleportation, a bread ration
     0 | D:1      | Reached XP level 1. HP: 15/15 MP: 1/1
    61 | D:1      | Gained mutation: When hurt, damage is shared between your health and your magic reserves. [demonic ancestry]
    61 | D:1      | Reached XP level 2. HP: 16/22 MP: 2/2
   659 | D:2      | Reached skill level 1 in Spellcasting
   695 | D:2      | Gained mutation: You have a pair of small horns on your head. [demonic ancestry]
   695 | D:2      | Reached XP level 3. HP: 22/27 MP: 3/5
   901 | D:2      | Found a bloodstained altar of Trog.
   952 | D:2      | Reached skill level 1 in Axes
  1173 | D:3      | Found a glowing golden altar of the Shining One.
  1202 | D:3      | Gained mutation: A weak demonic guardian rushes to your aid. [demonic ancestry]
  1202 | D:3      | Reached XP level 4. HP: 24/33 MP: 4/6
  1203 | D:3      | Upgraded the game from 0.18-a0-1655-ge2d8d33 to 0.18-a0-1666-g3ea6f2b
  1227 | D:3      | Found a bloodstained altar of Trog.
  2040 | D:4      | Found Loacuine's Book Emporium.
  2260 | D:4      | Gained mutation: A demonic guardian rushes to your aid. [demonic ancestry]
  2260 | D:4      | Reached XP level 5. HP: 19/41 MP: 7/7
  2818 | D:5      | Entered Level 5 of the Dungeon
  2864 | D:5      | Noticed an ice beast
  2869 | D:5      | Killed an ice beast
  2941 | D:5      | Found an iron altar of Okawaru.
  2950 | D:5      | Became a worshipper of Warmaster Okawaru
  3037 | D:5      | Noticed Blork the orc
  3046 | D:5      | Killed Blork the orc
  3046 | D:5      | Reached XP level 6. HP: 35/48 MP: 4/8
  3772 | D:6      | Reached * piety under Okawaru
  3880 | D:6      | Found a snail-covered altar of Cheibriados.
  3923 | D:6      | Noticed an orc warrior
  3934 | D:6      | Killed an orc warrior
  3934 | D:6      | Reached skill level 5 in Fighting
  3934 | D:6      | Reached XP level 7. HP: 56/56 MP: 9/9
  4252 | D:7      | Noticed Ijustatesigmund's ghost (novice KoAs)
  4261 | D:7      | Killed Ijustatesigmund's ghost
  4261 | D:7      | Reached ** piety under Okawaru
  4261 | D:7      | Reached skill level 5 in Armour
  4296 | D:7      | Reached *** piety under Okawaru
  4296 | D:7      | Reached skill level 1 in Invocations
  4411 | D:7      | Gained mutation: You are partially covered in iridescent scales (AC +4). [demonic ancestry]
  4411 | D:7      | Reached XP level 8. HP: 33/64 MP: 8/10
  4548 | D:7      | Reached skill level 5 in Invocations
  4919 | D:7      | Reached **** piety under Okawaru
  5182 | D:7      | Found a staircase to the Ecumenical Temple.
  5316 | D:8      | Found a staircase to the Lair.
  5347 | D:8      | Noticed a two-headed ogre
  5349 | D:8      | Killed a two-headed ogre
  5393 | D:8      | Reached ***** piety under Okawaru
  5502 | D:8      | Found a sand-covered staircase.
  5507 | Ossuary  | Entered an ossuary
  5692 | Ossuary  | Gained mutation: You are mostly covered in iridescent scales (AC +6). [demonic ancestry]
  5692 | Ossuary  | Reached XP level 9. HP: 71/71 MP: 13/13
  6860 | D:8      | Noticed Erolcha
  6867 | D:8      | Killed Erolcha
  6926 | D:8      | Found Iketips's Armour Shoppe.
  6993 | D:8      | Found a sparkling altar of Nemelex Xobeh.
  7566 | D:9      | Found a sacrificial altar of Ru.
  7568 | D:9      | Found a stormy altar of Qazlal.
  7570 | D:9      | Found a basalt altar of Yredelemnul.
  7576 | D:9      | Found a shadowy altar of Dithmenos.
  7823 | D:9      | Found Cituwadgh's General Store.
  7832 | D:9      | Bought 19 poisoned bolts for 121 gold pieces
  7856 | D:9      | Received a gift from Okawaru
  7856 | D:9      | Reached XP level 10. HP: 30/82 MP: 5/14
  8613 | D:9      | Found a staircase to the Orcish Mines.
  9169 | D:9      | Reached skill level 10 in Armour
  9556 | D:10     | Entered Level 10 of the Dungeon
  9737 | D:10     | Reached ****** piety under Okawaru
 10228 | D:10     | Killed an unseen horror
 10900 | Lair:1   | Entered Level 1 of the Lair of Beasts
 10910 | Lair:1   | Received a gift from Okawaru
 11139 | Lair:1   | Got a smoking mace
 11175 | Lair:1   | Identified the +7 mace "Weisen" {flame, rN+} (You found it on level 1 of the Lair of Beasts)
 11188 | Lair:1   | Reached XP level 11. HP: 58/90 MP: 9/15
 11196 | Lair:1   | Reached skill level 10 in Fighting
 11572 | Lair:1   | Noticed a seven-headed hydra
 11585 | Lair:1   | Killed a seven-headed hydra
 11749 | Lair:1   | Gained mutation: You are completely covered in iridescent scales (AC +8). [potion of mutation]
 11749 | Lair:1   | Gained mutation: You are dopey. (Int -2) [potion of mutation]
 11749 | Lair:1   | Gained mutation: You are clumsy. (Dex -2) [potion of mutation]
 12064 | Lair:2   | Noticed Erica
 12068 | Lair:2   | Killed Erica
 12071 | Lair:2   | Noticed Gastronok
 12110 | Lair:2   | Killed Gastronok
 12110 | Lair:2   | Received a gift from Okawaru
 12110 | Lair:2   | Received a gift from Okawaru
 12116 | Lair:2   | Got a fine flail {god gift}
 12117 | Lair:2   | Identified the +7 flail "Soyskulu" {crush, rC+ Str+3 Dex-2 Stlth+} (Okawaru gifted it to you on level 2 of the Lair of Beasts)
 12471 | Lair:2   | Received a gift from Okawaru
 13352 | Lair:3   | Gained mutation: You have a pair of horns on your head. [demonic ancestry]
 13352 | Lair:3   | Reached XP level 12. HP: 87/100 MP: 13/17
 13503 | Lair:3   | Reached skill level 1 in Crossbows
 13614 | Lair:3   | Noticed a death yak
 13614 | Lair:3   | Noticed a death yak
 13618 | Lair:3   | Noticed a death yak
 13623 | Lair:3   | Killed a death yak
 13623 | Lair:3   | Reached skill level 2 in Crossbows
 13627 | Lair:3   | Killed a death yak
 13627 | Lair:3   | Reached skill level 3 in Crossbows
 13633 | Lair:3   | Killed a death yak
 13638 | Lair:3   | Received a gift from Okawaru
 13648 | Lair:3   | Reached skill level 4 in Crossbows
 13663 | Lair:3   | Got a transparent crystal plate armour {god gift}
 13807 | Lair:3   | Identified the +0 crystal plate armour of Poptehon {rF+ rN+ MR+} (Okawaru gifted it to you on level 3 of the Lair of Beasts)
 13839 | Lair:3   | Found a staircase to the Snake Pit.
 14147 | Lair:4   | Found a radiant altar of Vehumet.
 14161 | Lair:4   | Reached skill level 5 in Crossbows
 14597 | Lair:4   | Noticed a catoblepas
 14603 | Lair:4   | Killed a catoblepas
 14660 | Lair:4   | Reached skill level 6 in Crossbows
 15072 | Lair:5   | Found a dark tunnel.
 15081 | Volcano  | Entered a volcano
 15132 | Volcano  | Reached skill level 7 in Crossbows
 15959 | Lair:5   | Reached skill level 8 in Crossbows
 15991 | Lair:5   | Identified a scroll of acquirement
 16078 | Lair:5   | Lost mutation: You are dopey. (Int -2) [potion of cure mutation]
 16078 | Lair:5   | Lost mutation: You are completely covered in iridescent scales (AC +8). [potion of cure mutation]
 16078 | Lair:5   | Lost mutation: You are clumsy. (Dex -2) [potion of cure mutation]
 16420 | Lair:5   | Found a staircase to the Swamp.
 16593 | Lair:6   | Noticed a four-headed hydra
 16600 | Lair:6   | Killed a four-headed hydra
 16600 | Lair:6   | Reached skill level 9 in Crossbows
 16727 | Lair:6   | Noticed a catoblepas
 16733 | Lair:6   | Killed a catoblepas
 16755 | Lair:6   | Received a gift from Okawaru
 17046 | Lair:6   | Reached XP level 13. HP: 81/106 MP: 12/18
 17354 | Lair:6   | Reached skill level 10 in Crossbows
 17949 | Lair:6   | Received a gift from Okawaru
 18215 | Lair:7   | Received a gift from Okawaru
 18256 | Lair:7   | Reached skill level 11 in Crossbows
 18975 | Lair:7   | Found a staircase to the Slime Pits.
 19406 | Lair:7   | Reached skill level 12 in Crossbows
 20223 | Lair:8   | Entered Level 8 of the Lair of Beasts
 20280 | Lair:8   | Received a gift from Okawaru
 20283 | Lair:8   | Got a faintly humming scale mail {god gift}
 20284 | Lair:8   | Identified the +1 scale mail of Puklats {+Blink rElec} (Okawaru gifted it to you on level 8 of the Lair of Beasts)
 21090 | Lair:8   | Reached skill level 13 in Crossbows
 21475 | Lair:8   | Gained mutation: You regenerate magic rapidly. [demonic ancestry]
 21475 | Lair:8   | Reached XP level 14. HP: 87/113 MP: 16/19
 21512 | Lair:8   | Received a gift from Okawaru
 21540 | Lair:8   | Got a shimmering double sword {god gift}
 21541 | Lair:8   | Identified the +4 double sword of Cobwebs {slice, Dex+3} (Okawaru gifted it to you on level 8 of the Lair of Beasts)
 21884 | Lair:8   | Noticed Josephine
 21896 | Lair:8   | Killed Josephine
 21966 | Lair:8   | Reached skill level 14 in Crossbows
 21977 | Lair:8   | Received a gift from Okawaru
 21980 | Lair:8   | Got a bronze plate armour {god gift}
 22010 | Lair:8   | Identified the +8 plate armour of Eternity {rPois Regen+} (Okawaru gifted it to you on level 8 of the Lair of Beasts)
 22639 | Lair:8   | Reached skill level 15 in Crossbows
 22671 | Lair:8   | Received a gift from Okawaru
 22945 | Orc:1    | Entered Level 1 of the Orcish Mines
 23101 | Orc:1    | Noticed Maud
 23108 | Orc:1    | Killed Maud
 23229 | Orc:1    | Received a gift from Okawaru
 23235 | Orc:1    | Got a warped lajatang {god gift}
 23236 | Orc:1    | Identified the +2 lajatang of Uwuaneh {vamp, +Inv rElec rC- rN+ Dex+4} (Okawaru gifted it to you on level 1 of the Orcish Mines)
 23245 | Orc:1    | Found a roughly hewn altar of Beogh.
 23264 | Orc:1    | Noticed Fannar
 23271 | Orc:1    | Killed Fannar
 23463 | Orc:2    | Entered Level 2 of the Orcish Mines
 23545 | Orc:2    | Found a staircase to the Elven Halls.
 23659 | Orc:2    | Noticed Azrael
 23673 | Orc:2    | Killed Azrael
 23979 | Orc:2    | Found Lociaquko's General Store.
 23979 | Orc:2    | Found Kely's Gadget Boutique.
 23989 | Orc:2    | Found Kovies's Weapon Boutique.
 24016 | Orc:2    | Found Cyesue's Armour Shop.
 24022 | Orc:2    | Bought 24 bolts for 57 gold pieces
 24023 | Orc:2    | Bought a wand of heal wounds (6/9) for 720 gold pieces
 24024 | Orc:2    | Bought the +6 arbalest "Damnation" {damnation, rF++ rC- MR+} for 806 gold pieces
 24075 | Orc:2    | Noticed Nessos
 24075 | Orc:2    | Noticed an orc warlord
 24105 | Orc:2    | Killed an orc warlord
 24105 | Orc:2    | Received a gift from Okawaru
 24120 | Orc:2    | Reached skill level 16 in Crossbows
 24122 | Orc:2    | Killed Nessos
 24237 | Orc:2    | Found a bloodstained altar of Trog.
 24531 | Orc:2    | Received a gift from Okawaru
 24759 | D:11     | Noticed Grum
 24769 | D:11     | Killed Grum
 24862 | D:11     | Reached XP level 15. HP: 110/119 MP: 18/20
 24922 | D:11     | Noticed Nergalle
 24936 | D:11     | Killed Nergalle
 25095 | D:11     | Noticed Maurice
 25100 | D:11     | Killed Maurice
 25217 | D:11     | Noticed an iron dragon
 25223 | D:11     | Killed an iron dragon
 25398 | D:12     | Found Edosaoce's Antique Armour Shop.
 25580 | D:12     | Found a shimmering altar of Xom.
 25580 | D:12     | Found a shimmering altar of Xom.
 25580 | D:12     | Found a shimmering altar of Xom.
 25580 | D:12     | Found a shimmering altar of Xom.
 26255 | D:13     | Reached skill level 17 in Crossbows
 26534 | D:13     | Gained mutation: You are somewhat resistant to further mutation. [potion of beneficial mutation]
 26571 | D:13     | Received a gift from Okawaru
 27018 | D:13     | Found a gate to the Vaults.
 27246 | D:14     | Noticed Rupert
 27258 | D:14     | Killed Rupert
 27332 | D:14     | Found a basalt altar of Yredelemnul.
 28096 | Snake:1  | Entered Level 1 of the Snake Pit
 28291 | Snake:1  | Reached skill level 18 in Crossbows
 28313 | Snake:1  | Received a gift from Okawaru
 29141 | Snake:2  | Gained mutation: You have a pair of large horns on your head. [demonic ancestry]
 29141 | Snake:2  | Reached XP level 16. HP: 74/125 MP: 19/21
 29472 | Snake:2  | Reached skill level 19 in Crossbows
 29503 | Snake:2  | Received a gift from Okawaru
 29560 | Snake:2  | Noticed Aizul
 29580 | Snake:2  | Killed Aizul
 29753 | Snake:2  | Received a gift from Okawaru
 30434 | Snake:2  | Received a gift from Okawaru
 30759 | Snake:3  | Reached skill level 20 in Crossbows
 31051 | Snake:3  | Received a gift from Okawaru
 31517 | Snake:4  | Entered Level 4 of the Snake Pit
 32114 | Snake:4  | Noticed Louise
 32122 | Snake:4  | Killed Louise
 32122 | Snake:4  | Gained mutation: You are completely covered in iridescent scales (AC +8). [demonic ancestry]
 32122 | Snake:4  | Reached XP level 17. HP: 123/133 MP: 22/22
 32330 | Snake:4  | Received a gift from Okawaru
 32565 | Snake:4  | Received a gift from Okawaru
 32758 | Snake:4  | Cast into level 2 of the Abyss (salamander mystic)
 33234 | Abyss:2  | Found a corrupted altar of Lugonu.
 33325 | Snake:4  | Escaped the Abyss
 33345 | Snake:4  | Received a gift from Okawaru
 33524 | Snake:4  | Reached skill level 21 in Crossbows
 33621 | Snake:4  | Received a gift from Okawaru
 33950 | Snake:4  | Received a gift from Okawaru
 33951 | Snake:4  | Got an ancient arbalest {god gift}
 33952 | Snake:4  | Identified the +2 arbalest "Nopyguvi" {venom, rPois MR- Dex+8} (Okawaru gifted it to you on level 4 of the Snake Pit)
 34046 | Snake:4  | Got a serpentine rune of Zot
 34501 | Vaults:1 | Entered Level 1 of the Vaults
 34532 | Vaults:1 | Found Jyess's Armour Shoppe.
 34561 | Vaults:1 | Found Pefimi's Gadget Boutique.
 34591 | Vaults:1 | Found Umoah's Gadget Emporium.
 34592 | Vaults:1 | Found Luzogodi's Distillery.
 34601 | Vaults:1 | Bought a potion of heal wounds for 70 gold pieces
 34682 | Vaults:1 | Reached XP level 18. HP: 106/143 MP: 17/23
 34983 | Vaults:1 | Cast into level 4 of the Abyss (a deep elf sorcerer)
 34996 | Vaults:1 | Escaped the Abyss
 35001 | Vaults:1 | Received a gift from Okawaru
 35803 | Vaults:1 | Found Ytuil's Antique Weapon Shoppe.
 36084 | Vaults:2 | Reached skill level 15 in Armour
 36086 | Vaults:2 | Received a gift from Okawaru
 36161 | Vaults:2 | Reached skill level 22 in Crossbows
 36512 | Vaults:2 | Received a gift from Okawaru
 36948 | Vaults:2 | Received a gift from Okawaru
 37012 | Vaults:2 | Reached XP level 19. HP: 152/152 MP: 24/24
 37374 | Vaults:2 | Received a gift from Okawaru
 37579 | Vaults:2 | Found a staircase to the Crypt.
 37579 | Vaults:2 | Found a basalt altar of Yredelemnul.
 37580 | Vaults:2 | Found an ancient bone altar of Kikubaaqudgha.
 38063 | Vaults:3 | Received a gift from Okawaru
 38167 | Vaults:3 | Received a gift from Okawaru
 38317 | Vaults:3 | Reached skill level 23 in Crossbows
 38469 | Vaults:3 | Found Wyogiem's Armour Boutique.
 38477 | Vaults:3 | Bought the +3 pair of gauntlets of War {Slay+5} for 522 gold pieces
 38627 | Vaults:3 | Received a gift from Okawaru
 39062 | Vaults:4 | Received a gift from Okawaru
 39876 | Vaults:4 | Gained mutation: You resist negative energy. [demonic ancestry]
 39876 | Vaults:4 | Reached XP level 20. HP: 78/160 MP: 13/25
 40177 | Vaults:4 | Reached skill level 24 in Crossbows
 40336 | Vaults:4 | Received a gift from Okawaru
 40347 | Vaults:4 | Found Kappik's Assorted Antiques.
 40363 | Vaults:4 | Bought a pair of runed boots for 175 gold pieces
 40363 | Vaults:4 | Bought a scroll of enchant weapon for 292 gold pieces
 40374 | Vaults:4 | Identified a +0 pair of boots of running (You bought it in a shop on level 4 of the Vaults)
 41029 | Swamp:1  | Entered Level 1 of the Swamp
 41484 | Swamp:4  | Entered Level 4 of the Swamp
 41648 | Swamp:4  | Noticed Chiseanne's ghost (journeyman DsWn)
 41664 | Swamp:4  | Killed Chiseanne's ghost
 42230 | Swamp:4  | Got a decaying rune of Zot
 42628 | D:15     | Entered Level 15 of the Dungeon
 42731 | D:15     | Noticed casual's ghost (journeyman DsTm)
 42736 | D:15     | Killed casual's ghost
 42961 | D:15     | Found a staircase to the Depths.
 43352 | Vaults:5 | Entered Level 5 of the Vaults
 43361 | Vaults:5 | Received a gift from Okawaru
 43364 | Vaults:5 | Received a gift from Okawaru
 43368 | Vaults:5 | Reached skill level 25 in Crossbows
 43380 | Vaults:5 | Noticed a golden dragon
 43380 | Vaults:5 | Noticed an ancient lich
 44276 | Vaults:4 | Killed a golden dragon
 44276 | Vaults:4 | Received a gift from Okawaru
 44280 | Vaults:4 | Gained mutation: A powerful demonic guardian rushes to your aid. [demonic ancestry]
 44280 | Vaults:4 | Reached XP level 21. HP: 123/166 MP: 21/26
 44449 | Vaults:5 | Received a gift from Okawaru
 44457 | Vaults:5 | Received a gift from Okawaru
 44882 | Vaults:5 | Killed an ancient lich
 45270 | Vaults:5 | Reached skill level 26 in Crossbows
 45707 | Vaults:5 | Got a brightly glowing zirconium amulet
 45715 | Vaults:5 | Identified the amulet of Duhoofromol {Gourm rElec Int+5} (You took it off an ogre mage on level 5 of the Vaults)
 45768 | Vaults:5 | Received a gift from Okawaru
 45835 | Vaults:5 | Received a gift from Okawaru
 45838 | Vaults:5 | Got an iridescent triple crossbow {god gift}
 45844 | Vaults:5 | Identified the +9 triple crossbow of Flawed Execution {flame, Int+4 SInv} (Okawaru gifted it to you on level 5 of the Vaults)
 45985 | Vaults:5 | Found Ocvolac's Assorted Antiques.
 45989 | Vaults:5 | Reached skill level 15 in Fighting
 46241 | Vaults:5 | Received a gift from Okawaru
 46680 | Vaults:5 | Received a gift from Okawaru
 46763 | Vaults:5 | Received a gift from Okawaru
 46771 | Vaults:5 | Received a gift from Okawaru
 47014 | Vaults:5 | Gained mutation: When low on magic, you restore magic in place of health. [demonic ancestry]
 47014 | Vaults:5 | Reached XP level 22. HP: 142/177 MP: 27/27
 47138 | Vaults:5 | Got a silver rune of Zot
 47148 | Vaults:5 | Got a brightly glowing glass ring
 47149 | Vaults:5 | Identified the ring "Wupn" {rPois rN+ MR- Dex+2 SInv} (You found it on level 5 of the Vaults)
 47691 | Depths:1 | Entered Level 1 of the Depths
 47709 | Depths:1 | Noticed ololoev's ghost (journeyman CeSk)
 47730 | Depths:1 | Killed ololoev's ghost
 47730 | Depths:1 | Received a gift from Okawaru
 48152 | Depths:1 | Found a gateway to Hell.
 48487 | Depths:1 | Found Megid's Jewellery Shop.
 49114 | Depths:2 | Paralysed by a vampire knight for 2 turns
 49134 | Depths:2 | Received a gift from Okawaru
 50212 | Depths:2 | Received a gift from Okawaru
 50261 | Depths:2 | Found Hariykk's Antique Armour Shop.
 50313 | Depths:2 | Noticed a golden dragon
 50318 | Depths:2 | Killed a golden dragon
 50697 | Depths:2 | Identified the Compendium of Frigorific Self-Knowledge
 51227 | Depths:3 | Found a one-way gate to the infinite horrors of the Abyss.
 51480 | Depths:3 | Found a one-way gate leading to the halls of Pandemonium.
 51536 | Depths:3 | Received a gift from Okawaru
 51567 | Depths:3 | Reached XP level 23. HP: 175/190 MP: 28/28
 51762 | Depths:3 | Received a gift from Okawaru
 52074 | Depths:3 | Got a scorched platinum ring
 52075 | Depths:3 | Identified the ring of Baraqene {*Contam rElec EV+5 Str+3 Dex+2} (You found it on level 3 of the Depths)
 52182 | Depths:3 | Received a gift from Okawaru
 53074 | Depths:4 | Received a gift from Okawaru
 53248 | Depths:4 | Received a gift from Okawaru
 53334 | Depths:4 | Received a gift from Okawaru
 53809 | Depths:4 | Received a gift from Okawaru
 53836 | Depths:4 | Found a portal to a secret trove of treasure.
 53896 | Depths:4 | Found a gateway to a ziggurat.
 54254 | Depths:5 | Entered Level 5 of the Depths
 54645 | Depths:5 | Reached XP level 24. HP: 181/203 MP: 26/28
 55010 | Depths:5 | Received a gift from Okawaru
 55015 | Depths:5 | Got a pair of twisted boots {god gift}
 55016 | Depths:5 | Identified the +0 pair of boots of the Gardener {*Confuse rCorr MP+9 Dex+4} (Okawaru gifted it to you on level 5 of the Depths)
 55178 | Depths:5 | Found a gate to the Realm of Zot.
 55194 | Zot:1    | Entered Level 1 of the Realm of Zot
 55329 | Zot:1    | Noticed an orb of fire
 55334 | Zot:1    | Killed an orb of fire
 55557 | Zot:1    | Noticed an orb of fire
 55561 | Zot:1    | Killed an orb of fire
 56583 | Zot:5    | Entered Level 5 of the Realm of Zot
 56889 | Zot:5    | Received a gift from Okawaru
 57080 | Zot:5    | Noticed an orb of fire
 57089 | Zot:5    | Killed an orb of fire
 57119 | Zot:5    | Noticed an orb of fire
 57126 | Zot:5    | Killed an orb of fire
 57477 | Zot:5    | Received a gift from Okawaru
 57492 | Zot:5    | Gained mutation: You are somewhat able to resist unholy torments (1 in 2 success). [demonic ancestry]
 57492 | Zot:5    | Reached XP level 25. HP: 215/215 MP: 28/28
 57525 | Zot:5    | Noticed an ancient lich
 57542 | Zot:5    | Killed an ancient lich
 57578 | Zot:5    | Received a gift from Okawaru
 57585 | Zot:5    | Received a gift from Okawaru
 57613 | Zot:5    | Noticed an orb of fire
 57618 | Zot:5    | Received a gift from Okawaru
 57621 | Zot:5    | Killed an orb of fire
 57638 | Zot:5    | Received a gift from Okawaru
 57641 | Zot:5    | Noticed an ancient lich
 57655 | Zot:5    | Noticed an ancient lich
 57662 | Zot:5    | Killed an ancient lich
 57662 | Zot:5    | Received a gift from Okawaru
 57691 | Zot:5    | Killed an ancient lich
 58179 | Zot:5    | Noticed an ancient lich
 58185 | Zot:5    | Killed an ancient lich
 58267 | Zot:5    | Got the Orb of Zot
 58627 | Depths:4 | Received a gift from Okawaru
 59073 | D:$      | Escaped with the Orb!

Vault maps used:
D:1:      lightli_arrival_maybe_door_vault, minmay_misc_feat_secret_circle,
          hex_large
D:2:      nicolae_overflow_crystal_walls
D:3:      nicolae_tso_carved_into_rock, first_bread, trog_three_pillars_becter
D:4:      serial_shops, shop
D:5:      overflow_temple_1_default, uniq_blork_the_orc
D:6:      slow_altar_1
D:7:      minmay_temple_entry_enclosed_plants, the_bakery
D:8:      dpeg_oklobed_lair, serial_shops, nicolae_shop_stone, enter_ossuary_5,
          nemelex_diamond_rough_becter, uniq_erolcha
D:9:      nicolae_overflow_quartered_altars, orc_david_3, serial_shops,
          nicolae_shop_temple_entry_statues_fountains
D:11:     uniq_maurice, uniq_nergalle, uniq_grum
D:12:     serial_shops, nicolae_shop_window_shopping, corexii_corridor_pit,
          fountainhead, xom_shifter_show
D:13:     erik_vaults_1
D:14:     yredelemnul_altar_generic, uniq_rupert
D:15:     grunt_enter_depths_hoard, serial_bayou_ford_a
Lair:2:   beast_lair_carwin_large_3, uniq_gastronok, uniq_erica
Lair:3:   minmay_snake_entry_guardpost_medium
Lair:4:   basic_altar
Lair:5:   nicolae_swamp_entry_splash_gauntlet, enter_volcano_1,
          lemuel_fruit_fields
Lair:6:   lemuel_fruit_fields
Lair:7:   lemuel_ratsnest, nicolae_slime_entry_slimehenge
Lair:8:   guppyfry_lair_end_dragon, hangedman_lair_tendril_chambers,
          minmay_lair_drake_nest, serial_bayou_shore_b, grunt_megastairs_3,
          uniq_josephine
Swamp:1:  evilmike_swamp_ruin_rubble_2, swamp_pool1
Swamp:2:  evilmike_swamp_ruin_house_6
Swamp:3:  cheibrodos_swamp_heart_of_darkness, evilmike_swamp_ruin_house_1,
          grunt_hermit_hut, uniq_donald
Swamp:4:  swamp_icy, swamp_pool5, nicolae_swamp_necromancer_hut
Snake:2:  grunt_ministairs_5, st_stairs_10, uniq_aizul
Snake:3:  special_room
Snake:4:  snake_pit_salamanders_mu, lemuel_fruit_tree, uniq_louise
Orc:1:    nicolae_orc_rockfall, mines1_david, uniq_fannar, uniq_maud
Orc:2:    st_orc_mages, basic_altar, uniq_nessos, uniq_azrael
Vaults:1: vaults_room_pools, ontoclasm_vaults_ring_square,
          ontoclasm_vaults_loading_screen, grunt_vaults_hallway_short,
          vaults_room_corners, nicolae_vaults_little_ls,
          ontoclasm_vaults_shuriken, nicolae_vaults_three_branches,
          vaults_mumra_lcd, serial_shops, shop, shop, shop, shop, shop
Vaults:2: nicolae_vaults_c_with_doors, grunt_vaults_twisty, v_rooms_5,
          v_pattern_1, v_misc_13, hangedman_vaults_capsules,
          nicolae_vaults_windows_and_doors_thing, minmay_crypt_entry_necro_gods,
          hangedman_vaults_corner, hangedman_vaults_stretched_pinwheel,
          vaults_room_grid, nicolae_vaults_little_squares_4
Vaults:3: v_misc_12, v_rooms_6, nicolae_vaults_sealed_display,
          hangedman_vaults_snaps, nicolae_vaults_circle_grid_a,
          vaults_dpeg_diagonal, nicolae_vaults_asterisk, grunt_vaults_funnel,
          vaults_room_pools, nicolae_vaults_gold_heap, vaults_room_pool,
          serial_shops, shop
Vaults:4: nicolae_vaults_disjoint_gnomons, hangedman_vaults_stagger, v_misc_32,
          ontoclasm_vaults_decontamination, v_pattern_2,
          vaults_mumra_minichess_inversion, ontoclasm_vaults_eye,
          grunt_vaults_hallway_long, vaults_room_pools, ontoclasm_vaults_fault,
          ontoclasm_vaults_claustrophobia, vaults_mumra_chevron,
          nicolae_vaults_shelves_hall, ontoclasm_vaults_ring_large,
          nicolae_vaults_angled_halls, serial_shops, nicolae_shop_stone
Vaults:5: serial_shops
Depths:1: grunt_hell_entry_dis_grunt, hangedman_abyss_or_decor_lesser_grid,
          kennysheep_small_square, firewood_loft
Depths:2: minmay_expanding_squares, serial_bayou_pond_b, serial_shops,
          nicolae_shop_temple_entry_statues_fountains, pf_coc_iceberg,
          nicolae_lava_and_water
Depths:3: little_maze_vault, pf_hell_entry_tar_river, grunt_pan_entry_spiral,
          abyss_entry, kennysheep_generic_room_5, minmay_staircase_bubble,
          serial_bayou_shore_b
Depths:4: nooodl_glass_maze, enter_ziggurat_d, hell_entry,
          infiniplex_staircase_zigzag_3, abyss_entry, enter_trove_0,
          hangedman_cracks_in_the_wall
Depths:5: grunt_zot_entry_hairpin, abyss_entry, fountainhead, hell_entry,
          infiniplex_staircase_pool_lava
Zot:2:    st_small_dragon_hoard_3
Zot:4:    st_stairs_11
Abyss:4:  hangedman_abyss_or_decor_jellyfish_corner, abyss_greek_temple,
          nicolae_abyss_rune_containment_breach, abyss_exit_lava,
          hangedman_decor_lopped, evilmike_abyss_exit_glass
Ossuary:  ossuary_zaba_two_paths
Volcano:  volcano_aerie

Skill      XL: |  1  2  3  4  5  6  7  8  9 10 11 12 13 14 15 16 17 18 19 20 21 22 23 24 25 |
---------------+----------------------------------------------------------------------------+-----
Fighting       | 2 3 4 5 6 8 9 11 13 14 15 17 19 21 22 | 22.8
Spellcasting   | 1 |  1.5
Axes           | 2 |  2.0
Armour         | 2 3 4 5 6 9 11 13 14 15 16 18 19 21 22 | 22.3
Invocations    | 3 6 7 |  7.0
Crossbows      | 9 13 16 18 20 21 22 23 25 26 | 26.0
Maces & Flails | |  1.0
Staves         | |  1.0
Throwing       | |  1.0
Dodging        | |  1.7
Stealth        | |  1.0
Shields        | |  1.0

Action                   |  1- 3 |  4- 6 |  7- 9 | 10-12 | 13-15 | 16-18 | 19-21 | 22-24 | 25-27 || total
-------------------------+-------+-------+-------+-------+-------+-------+-------+-------+-------++-------
Melee: Mace              |    48 |       |       |    74 |       |       |       |       |       ||   122
       Hand axe          |    84 |       |       |       |       |       |       |       |       ||    84
       Hunting sling     |       |     1 |       |     3 |       |       |       |       |       ||     4
       Flail             |       |       |       |   508 |  1775 |    28 |       |       |       ||  2311
 Fire: Hunting sling     |       |   243 |   855 |   597 |       |       |       |       |       ||  1695
       Shortbow          |       |       |    19 |       |       |       |       |       |       ||    19
       Hand crossbow     |       |       |       |       |     5 |       |       |       |       ||     5
       Arbalest          |       |       |       |       |   181 |   776 |       |    10 |       ||   967
       Triple crossbow   |       |       |       |       |       |   548 |  1202 |  1271 |   208 ||  3229
Throw: Javelin           |       |     5 |       |    12 |       |       |       |       |       ||    17
       Stone             |       |       |    29 |       |       |       |       |       |       ||    29
Invok: Heroism           |       |       |       |     2 |     6 |     8 |     7 |     1 |       ||    24
       Finesse           |       |       |       |       |       |     1 |     2 |     2 |     2 ||     7
Evoke: Wand              |       |     2 |     5 |    13 |       |       |       |       |       ||    20
  Use: Scroll            |       |     7 |     4 |    10 |    11 |    13 |    16 |    10 |       ||    71
       Potion            |       |     5 |     3 |     9 |     9 |     7 |    12 |     7 |       ||    52
 Stab: Distracted        |       |       |       |     1 |     2 |       |       |       |       ||     3
  Eat: Chunk             |     1 |     4 |     2 |     4 |    16 |     6 |     6 |     2 |       ||    41
       Meat ration       |       |     1 |       |     2 |     5 |       |     1 |       |       ||     9
       Bread ration      |       |       |     2 |     6 |       |     4 |     5 |     7 |     1 ||    25
       Pizza             |       |       |     1 |       |       |       |       |       |       ||     1
       Beef jerky        |       |       |       |     1 |       |       |       |       |       ||     1
       Fruit             |       |       |       |       |       |     1 |       |       |       ||     1
